 Dungeon Crawl Stone Soup version 0.27.0-1-g7a089689b8 (webtiles) character file.

Game seed: 9051915259136418784

56446 thirtiethelement the Carver (level 14, -23/105 HPs)
             Began as a Demonspawn Abyssal Knight on Aug 11, 2021.
             Was the Champion of Lugonu.
             Annihilated by Donald (32 damage)
             ... on level 1 of the Elven Halls on Aug 12, 2021.
             The game lasted 01:28:08 (17261 turns).

thirtiethelement the Carver (DsAK)                 Turns: 17261, Time: 01:28:11

Health: -23/105    AC: 27    Str: 20    XL:     14   Next: 42%
Magic:  9/27       EV: 10    Int: 27    God:    Lugonu [******]
Gold:   822        SH:  6    Dex: 17    Spells: 24/32 levels left

rFire    + . .     SeeInvis +   u - +5 scimitar (protect)
rCold    . . .     Faith    .   y - +0 buckler
rNeg     + . .     Spirit   .   E - +9 chain mail "Aryf" {Str+3 Int+4 Slay+2}
rPois    +         Reflect  .   (helmet restricted)
rElec    +         Harm     .   O - +2 cloak
rCorr    .         Rampage  .   (no gloves)
Will     +....                  n - +1 pair of boots of the Prince of Darkness {rElec rPois}
Stlth    ..........             c - amulet of regeneration
HPRegen  1.27/turn              q - ring of Ucweruxa {rF+ rN+ Dex+2 SInv}
MPRegen  0.20/turn              x - ring of Happiness {Str+3 Int+6 SInv}

@: lethally poisoned (-23 -> -24), radiating poison
A: claws 2, icemail 1, sharp scales 2, condensation shield, demonic magic 2,
horns 1, agile 1, poison resistance
a: Renounce Religion, Depart the Abyss, Bend Space, Banish, Corrupt, Enter the
Abyss, Brand Weapon With Distortion


You were on level 1 of the Elven Halls.
You worshipped Lugonu.
Lugonu was exalted by your worship.
You visited 4 branches of the dungeon, and saw 16 of its levels.
You visited the Abyss 1 time.
You also visited: Ice Cave.

You collected 1404 gold pieces.
You spent 582 gold pieces at shops.

Inventory:

Hand Weapons
 u - a +5 scimitar of protection (weapon)
 J - a +4 falchion of draining
 T - a +0 executioner's axe of freezing
Missiles
 a - 4 throwing nets
 G - 19 boomerangs (quivered)
Armour
 n - the +1 pair of boots of the Prince of Darkness (worn) {rElec rPois}
   (You bought it in a shop on level 9 of the Dungeon)

   rElec:     It insulates you from electricity.
   rPois:     It protects you from poison.
 y - a +0 buckler (worn)
 E - the +9 chain mail "Aryf" (worn) {Str+3 Int+4 Slay+2}
   (You found it on level 5 of the Dungeon)

   Str:       It affects your strength (+3).
   Int:       It affects your intelligence (+4).
   Slay:      It affects your accuracy & damage with ranged weapons and melee
   (+2).
 H - the +1 robe of Defence {+Inv Archmagi}
   (You found it on level 5 of the Dungeon)

   +Inv:      It lets you turn invisible.
   Archmagi:  It increases the power of your magical spells.
 O - a +2 cloak (worn)
 S - a +0 tower shield of cold resistance
Jewellery
 c - an amulet of regeneration (around neck)
 h - a ring of protection from cold
 i - a ring of see invisible
 k - an amulet of reflection
 q - the ring of Ucweruxa (left claw) {rF+ rN+ Dex+2 SInv}
   (You found it on level 10 of the Dungeon)

   [ring of see invisible]

   Dex:       It affects your dexterity (+2).
   rF:        It protects you from fire.
   rN:        It protects you from negative energy.
   SInv:      It lets you see invisible.
 r - a ring of flight
 x - the ring of Happiness (right claw) {Str+3 Int+6 SInv}
   (You found it on level 4 of the Dungeon)

   [ring of intelligence]

   Str:       It affects your strength (+3).
   Int:       It affects your intelligence (+6).
   SInv:      It lets you see invisible.
 C - an amulet of faith
 L - a +6 ring of intelligence
Wands
 d - a wand of mindburst (38)
 m - a wand of charming (13)
 o - a wand of digging (7)
 w - a wand of iceblast (2)
 z - a wand of paralysis (14)
 K - a wand of flame (5)
Scrolls
 e - a scroll of amnesia
 f - 2 scrolls of teleportation
 g - 2 scrolls of enchant armour
 j - 4 scrolls of fear
 l - a scroll of brand weapon
 s - 2 scrolls of magic mapping
 D - a scroll of identify
 I - 3 scrolls of fog
Potions
 b - a potion of brilliance
 p - 2 potions of magic
 t - 4 potions of lignification
 A - 2 potions of flight
 B - 2 potions of resistance
 P - a potion of invisibility {unknown}
 R - a potion of haste
Miscellaneous
 v - a phial of floods (inert)


   Skills:
 + Level 8.0 Fighting
 + Level 10.9 Long Blades
 + Level 4.6 Throwing
 + Level 7.8 Armour
 + Level 4.5 Dodging
 + Level 5.2 Stealth
 + Level 7.3 Shields
 + Level 9.8 Spellcasting
 + Level 6.3 Transmutations
 + Level 1.1 Ice Magic
 + Level 1.0 Air Magic
 + Level 10.0 Poison Magic
 + Level 2.5 Invocations
 + Level 1.3 Evocations


You had 24 spell levels left.
You knew the following spells:

 Your Spells              Type           Power      Damage    Failure   Level
a - Sting                 Tmut/Pois      100%       1d8       1%          1
b - Poisonous Vapours     Pois/Air       86%        N/A       5%          2
c - Olgreb's Toxic Radia  Pois           61%        N/A       5%          4
d - Freeze                Ice            76%        1d9       22%         1

Your spell library contained the following spells:

 Spells                   Type           Power      Damage    Failure   Level
 Spider Form              Tmut/Pois      27%        N/A       3%          3
 Summon Small Mammal      Summ           52%        N/A       34%         1
 Frozen Ramparts          Ice            38%        1d5       54%         3
 Ice Form                 Ice/Tmut       33%        N/A       58%         4
 Call Canine Familiar     Summ           13%        N/A       71%         3
 Summon Guardian Golem    Hex/Summ       13%        N/A       71%         3
 Hailstorm                Conj/Ice       16%        3d6       95%         4
 Summon Ice Beast         Ice/Summ       16%        N/A       95%         4
 Freezing Cloud           Conj/Ice/Air   8%         6-21      100%        5
 Simulacrum               Ice/Necr       8%         N/A       100%        6
 Haunt                    Necr/Summ      6%         N/A       100%        7
 Borgnjor's Revivificati  Necr           6%         N/A       100%        8
 Polar Vortex             Ice            9%         N/A       100%        9


Dungeon Overview and Level Annotations

Branches:
Dungeon (11/15)            Temple (1/1) D:6            Lair (0/6) D:9
    Orc (2/2) D:11            Elf (2/3) Orc:2         IceCv (visited)

Altars:
Ashenzari
Cheibriados
Dithmenos
Elyvilon
Fedhas
Gozag
Hepliaklqana
Kikubaaqudgha
Makhleb
Nemelex Xobeh
Okawaru
Qazlal
Ru
Sif Muna
Trog
Uskayaw
Vehumet
Wu Jian
Xom
Yredelemnul
Zin
The Shining One

Shops:
D:9 [   Orc:2 (=?:   Elf:1 **

Annotations:
Elf:1 Donald


Innate Abilities, Weirdness & Mutations

You have very sharp fingernails.
A meltable icy envelope protects you from harm. (AC +0)
You are mostly covered in razor-sharp scales. (AC +2, Slay +2)
A meltable shield of frost defends you. (SH +0)
Spells you cast may paralyse nearby enemies.
You have a pair of small horns on your head.
You are agile. (Dex +2)
Your system is resistant to poisons. (rPois)


Message History

The deep elf pyromancer looks as sick as possible!
Donald looks as sick as possible!
Malevolent energies surge around you.
The deep elf pyromancer looks as sick as possible!
You feel very sick. Donald hits you with a +0 scimitar.
The deep elf pyromancer barely misses you.
You barely miss the deep elf pyromancer.
The deep elf pyromancer is almost dead.
You kill the deep elf pyromancer!
Lugonu accepts your kill.
Donald looks as sick as possible!
You feel sick. Donald hits you with a +0 scimitar!
* * * LOW HITPOINT WARNING * * *
Donald blocks your attack.
You headbutt Donald, but do no damage.
Donald is heavily wounded.
You feel sick. Donald hits you but does no damage. You block Donald's attack.
Donald blocks your attack.
You headbutt Donald.
Donald is heavily wounded.
Donald looks as sick as possible!
You feel sick.
Donald says, "So, what is this Orb thing, anyway?"
Donald hits you with a +0 scimitar!!
* * * LOW HITPOINT WARNING * * *
Okay, then.
Okay, then.
Aiming: Paralyse
Press: ? - help, Shift-Dir - straight line, f - Donald
Aim: Donald, wielding a +0 scimitar, wearing a +3 plate armour of positive energy and wearing a +0 kite shield of reflection (heavily wounded, fast, extremely poisoned, chance to affect: 2%)
Okay, then.
Aim the phial where?
Press: ? - help, Shift-Dir - straight line, f - Donald
Aim: Donald, wielding a +0 scimitar, wearing a +3 plate armour of positive energy and wearing a +0 kite shield of reflection (heavily wounded, fast, extremely poisoned) Donald reflects the torrent of water off his +0 kite shield of reflection!
The torrent of water hits you but does no damage.
You shrug off the wave.
You are knocked back by the torrent of water.
You slam into the rock wall!
The wave splashes down.
Donald looks as sick as possible!
You feel sick.
Donald gestures wildly while chanting.
Donald seems to grow stronger.
Donald hits you with a +0 scimitar!!
You die...

..## ##.###.# ###
##.## #.# ##.##
#.# ##.## #.#
##.## #.# ##.##
###'# ####.##
#...# .##'##
###...###
...#######.....≈@#
...'.....'.....)@#
...#######.......#
.### ###...### ##
#...# #####


You could see Donald (fast, strong, extremely poisoned).

Vanquished Creatures
  Jorgrun (Elf:1)
  A deep elf sorcerer (Elf:1)
  A deep elf demonologist (Elf:1)
  An ettin (Orc:1)
  Harold (D:8)
  Fannar (D:11)
  A hydra (D:9)
  The ghost of Tegumiril the Grappler, a novice TrBe of Trog (D:9)
  2 centaur warriors
  2 two-headed ogres
  4 dancing weapons
  5 orc high priests (Orc:2)
  6 deep elf knights
  Pikel (D:5)
  A bog body (IceCv)
  7 orc knights
  10 deep elf pyromancers
  18 deep elf zephyrmancers (Elf:1)
  A necromancer (IceCv)
  3 deep elf archers (Elf:1)
  An ugly thing (D:9)
  A manticore (D:9)
  Maurice (D:8)
  2 ice statues (IceCv)
  2 unseen horrors (D:11)
  4 ice devils (IceCv)
  2 anaconda simulacra (IceCv)
  3 entropy weaver simulacra (IceCv)
  2 trolls
  A polar bear (D:11)
  Grinder (D:4)
  The ghost of Strat the Ducker, an amateur MfAM (D:4)
  A meliai zombie (D:11)
  A hornet (D:11)
  An air elemental (Elf:1)
  6 yaks
  2 wraiths
  3 dire elephant simulacra (IceCv)
  2 water elementals
  A wyvern (D:8)
  A fire elemental (Elf:1)
  Grum (D:8)
  2 death yak simulacra (IceCv)
  A basilisk (D:10)
  5 vampire mosquitoes
  An acid dragon (D:9)
  2 harpy simulacra (IceCv)
  6 wargs
  23 orc warriors
  A sky beast (D:6)
  7 ice beasts
  A hornet zombie (D:7)
  A black bear (D:8)
  9 ogres
  7 wolves
  A centaur (D:9)
  2 bullfrogs
  A gnoll sergeant (D:8)
  A scorpion (D:5)
  2 earth elementals (Elf:1)
  A cane toad simulacrum (IceCv)
  A water moccasin skeleton (D:5)
  9 killer bees (D:9)
  10 wights
  A howler monkey (D:6)
  5 electric eels
  A bullfrog zombie (D:5)
  5 hounds
  2 jellies
  5 centaur zombies
  3 gnoll shamans
  30 orc priests
  2 bullfrog skeletons (D:5)
  Ijyb (D:5)
  4 iguanas
  14 orc wizards
  A scorpion zombie (D:5)
  A spriggan simulacrum (IceCv)
  A troll simulacrum (IceCv)
  2 killer bee zombies
  A howler monkey zombie (D:8)
  34 gnolls
  A howler monkey skeleton (D:7)
  5 adders
  A shadow imp (D:5)
  14 white imps
  3 ufetubi
  2 worms
  2 dart slugs
  61 orcs
  3 ball pythons
  7 bats
  5 endoplasms
  2 giant cockroaches (D:1)
  10 goblins
  6 hobgoblins
  7 jackals
  12 kobolds
  3 quokkas
  2 rats
461 creatures vanquished.

Vanquished Creatures (others)
  A deep elf knight (Elf:1)
  11 plants
12 creatures vanquished.

Grand Total: 473 creatures vanquished

Notes
Turn   | Place    | Note
-------+----------+-------------------------------------------
     0 | Abyss:1  | thirtiethelement the Demonspawn Abyssal Knight began the
                  | quest for the Orb.
     0 | Abyss:1  | Reached XP level 1. HP: 18/18 MP: 2/2
     7 | Abyss:1  | Found a corrupted altar of Lugonu.
    44 | Abyss:2  | Noticed a starcursed mass
    46 | Abyss:2  | Noticed a neqoxec
    46 | Abyss:2  | Noticed a thrashing horror
    47 | D:1      | Escaped the Abyss
   145 | D:1      | Reached * piety under Lugonu
   254 | D:1      | Gained mutation: A meltable shield of frost defends you.
                  | (SH +0) [demonic ancestry]
   254 | D:1      | Reached XP level 2. HP: 22/24 MP: 3/3
   262 | D:1      | Learned a level 1 spell: Sting
   470 | D:1      | Found a faded altar of an unknown god.
   895 | D:2      | Reached XP level 3. HP: 28/29 MP: 0/4
  1695 | D:3      | Reached skill level 1 in Transmutations
  1949 | D:3      | Reached skill level 1 in Poison Magic
  2005 | D:3      | Gained mutation: You are partially covered in razor-sharp
                  | scales. (AC +1, Slay +1) [demonic ancestry]
  2005 | D:3      | Reached XP level 4. HP: 30/36 MP: 2/5
  2017 | D:3      | Reached ** piety under Lugonu
  2018 | D:3      | Reached skill level 1 in Spellcasting
  2565 | D:4      | Found a burning altar of Makhleb.
  2570 | D:4      | Noticed an angel
  2571 | D:4      | Noticed a blizzard demon
  2616 | D:4      | Noticed Grinder
  2624 | D:4      | Paralysed by Grinder for 2 turns
  2632 | D:4      | Paralysed by Grinder for 2 turns
  2636 | D:4      | Killed Grinder
  2637 | D:4      | Reached skill level 1 in Dodging
  2637 | D:4      | Gained mutation: You have sharp fingernails. [demonic
                  | ancestry]
  2637 | D:4      | Reached XP level 5. HP: 26/42 MP: 0/8
  2637 | D:4      | Gained mutation: A meltable icy envelope protects you from
                  | harm. (AC +0) [demonic ancestry]
  2637 | D:4      | Reached XP level 6. HP: 30/48 MP: 0/9
  2832 | D:4      | Noticed Strat's ghost (amateur MfAM)
  2835 | D:4      | Found a transporter.
  2843 | D:4      | Found a transporter.
  3098 | D:4      | Found an opulent altar of Gozag.
  3230 | D:4      | Identified the ring of Happiness {Str+3 Int+6 SInv}
  3707 | D:4      | Reached XP level 7. HP: 37/53 MP: 11/11
  3949 | D:4      | Killed Strat's ghost
  4021 | D:5      | Entered Level 5 of the Dungeon
  4353 | D:5      | Reached skill level 1 in Shields
  4356 | D:5      | Learned a level 2 spell: Poisonous Vapours
  4361 | D:5      | Learned a level 4 spell: Olgreb's Toxic Radiance
  4368 | D:5      | Reached *** piety under Lugonu
  4394 | D:5      | Reached XP level 8. HP: 43/60 MP: 4/13
  4398 | D:5      | Found a radiant altar of Vehumet.
  4545 | D:5      | Noticed Pikel
  4558 | D:5      | Killed Pikel
  4721 | D:5      | Noticed Ijyb
  4732 | D:5      | Killed Ijyb
  5220 | D:5      | Identified the +9 chain mail "Aryf" {Str+3 Int+4 Slay+2}
  5824 | D:5      | Identified the +1 robe of Defence {+Inv Archmagi}
  5852 | D:5      | Reached XP level 9. HP: 66/66 MP: 6/15
  6141 | D:6      | Found a staircase to the Ecumenical Temple.
  6178 | D:6      | Learned a level 1 spell: Freeze
  6205 | Temple   | Entered the Ecumenical Temple
  6505 | D:6      | Reached skill level 5 in Long Blades
  6534 | D:6      | Found a blossoming altar of Fedhas.
  6572 | D:6      | Reached **** piety under Lugonu
  6624 | D:6      | Gained mutation: You are clumsy. (Dex -2) [mutagenic glow]
  6775 | D:6      | Found an ornate altar of the Wu Jian Council.
  7333 | D:6      | Reached skill level 1 in Ice Magic
  7525 | D:7      | Reached skill level 5 in Fighting
  7651 | D:7      | Lost mutation: You are clumsy. (Dex -2) [potion of
                  | mutation]
  7651 | D:7      | Gained mutation: You sometimes lose the ability to read
                  | scrolls when taking damage. [potion of mutation]
  7651 | D:7      | Gained mutation: You have a pair of small horns on your
                  | head. [potion of mutation]
  7653 | D:7      | Lost mutation: You sometimes lose the ability to read
                  | scrolls when taking damage. [potion of mutation]
  7653 | D:7      | Gained mutation: You are agile. (Dex +2) [potion of
                  | mutation]
  7653 | D:7      | Gained mutation: Your system is resistant to poisons.
                  | (rPois) [potion of mutation]
  7870 | D:7      | Reached skill level 5 in Spellcasting
  7986 | D:7      | Reached skill level 5 in Transmutations
  8921 | D:8      | Noticed Grum
  8932 | D:8      | Killed Grum
  8933 | D:8      | Reached skill level 5 in Poison Magic
  9222 | D:8      | Noticed Maurice
  9236 | D:8      | Killed Maurice
  9237 | D:8      | Gained mutation: You have very sharp fingernails. [demonic
                  | ancestry]
  9237 | D:8      | Reached XP level 10. HP: 74/74 MP: 9/18
  9300 | D:8      | Found an iron altar of Okawaru.
  9487 | D:8      | Noticed Harold
  9488 | D:8      | Paralysed by Harold for 3 turns
  9497 | D:8      | Paralysed by Harold for 2 turns
  9503 | D:8      | Paralysed by Harold for 7 turns
  9539 | D:8      | Killed Harold
  9970 | D:9      | Found Niyc's Armour Emporium.
  9978 | D:9      | Bought the +1 pair of boots of the Prince of Darkness
                  | {rElec rPois} for 387 gold pieces
 10054 | D:9      | Reached skill level 1 in Stealth
 10054 | D:9      | Reached skill level 1 in Air Magic
 10080 | D:9      | Found a runed translucent gate.
 10081 | D:9      | Found a runed translucent gate.
 10083 | D:9      | Found a runed translucent gate.
 10083 | D:9      | Noticed a nine-headed hydra
 10083 | D:9      | Noticed Tegumiril's ghost (novice TrBe)
 10101 | D:9      | Noticed a centaur warrior
 10101 | D:9      | Noticed a red ugly thing
 10122 | D:9      | Killed a red ugly thing
 10129 | D:9      | Killed a centaur warrior
 10290 | D:9      | Found an ancient bone altar of Kikubaaqudgha.
 10554 | D:9      | Reached XP level 11. HP: 52/81 MP: 7/21
 10728 | D:9      | Noticed a two-headed ogre
 10743 | D:9      | Killed a two-headed ogre
 10744 | D:9      | Reached skill level 5 in Armour
 10831 | D:9      | Found a staircase to the Lair.
 10875 | D:9      | Reached ***** piety under Lugonu
 10876 | D:9      | Reached skill level 1 in Throwing
 11065 | D:10     | Entered Level 10 of the Dungeon
 11406 | D:10     | Found a stormy altar of Qazlal.
 11408 | D:10     | Found a snail-covered altar of Cheibriados.
 11409 | D:10     | Found a bloodstained altar of Trog.
 11540 | D:10     | Found a shadowy altar of Dithmenos.
 11620 | D:10     | Noticed a deep elf pyromancer
 11640 | D:10     | Killed a deep elf pyromancer
 11722 | D:10     | Identified the ring of Ucweruxa {rF+ rN+ Dex+2 SInv}
 11961 | D:9      | Killed Tegumiril's ghost
 12158 | D:9      | Killed a ten-headed hydra
 12252 | D:11     | Noticed a centaur warrior
 12311 | D:10     | Killed a centaur warrior
 12312 | D:10     | Reached skill level 1 in Evocations
 12343 | D:11     | Reached skill level 5 in Shields
 12345 | D:11     | Found a staircase to the Orcish Mines.
 12418 | D:11     | Found a frozen archway.
 12450 | IceCv    | Entered an ice cave
 12661 | IceCv    | Gained mutation: Spells you cast may paralyse adjacent
                  | enemies. [demonic ancestry]
 12661 | IceCv    | Reached XP level 12. HP: 89/89 MP: 23/23
 13057 | IceCv    | Got Yxistoobyll's Reference Book on Snow
 13687 | D:11     | Noticed a two-headed ogre
 13693 | D:11     | Killed a two-headed ogre
 13797 | Orc:1    | Entered Level 1 of the Orcish Mines
 13797 | Orc:1    | Noticed Fannar
 13800 | Orc:1    | Noticed an ettin
 13808 | D:11     | Killed Fannar
 13838 | Orc:1    | Reached ****** piety under Lugonu
 13842 | Orc:1    | Killed an ettin
 14046 | Orc:2    | Entered Level 2 of the Orcish Mines
 14564 | Orc:2    | Found a staircase to the Elven Halls.
 14788 | Orc:2    | Noticed an orc high priest
 14945 | Orc:1    | Gained mutation: You are mostly covered in razor-sharp
                  | scales. (AC +2, Slay +2) [demonic ancestry]
 14945 | Orc:1    | Reached XP level 13. HP: 80/96 MP: 13/25
 15430 | Orc:2    | Reached skill level 10 in Long Blades
 15651 | Orc:2    | Found Tuer's Jewellery Emporium.
 15651 | Orc:2    | Found Hedocet's Antique Weapon Emporium.
 15652 | Orc:2    | Found Pugrek's Book Emporium.
 15652 | Orc:2    | Found Hil Pake's Magic Scroll Shoppe.
 15664 | Orc:2    | Bought a scroll of identify for 20 gold pieces
 15664 | Orc:2    | Bought a scroll of identify for 20 gold pieces
 15664 | Orc:2    | Bought a scroll of identify for 20 gold pieces
 15664 | Orc:2    | Bought a scroll of holy word for 75 gold pieces
 15780 | Elf:1    | Entered Level 1 of the Elven Halls
 15791 | Orc:2    | HP: 1/92 [deep elf knight (7)]
 15798 | Orc:2    | HP: 4/95 [+2 hand axe of draining (12)]
 15938 | Elf:1    | Found Xaelox's General Store.
 15938 | Elf:1    | Found Cyva's General Store.
 15948 | Elf:1    | Bought a scroll of teleportation for 36 gold pieces
 15948 | Elf:1    | Bought a scroll of fog for 24 gold pieces
 16007 | Elf:1    | Noticed Jorgrun
 16029 | Elf:1    | Killed Jorgrun
 16463 | Elf:1    | Noticed a deep elf sorcerer
 16472 | Elf:1    | Killed a deep elf sorcerer
 16476 | Elf:1    | Gained mutation: Spells you cast may paralyse nearby
                  | enemies. [demonic ancestry]
 16476 | Elf:1    | Reached XP level 14. HP: 96/104 MP: 18/27
 16507 | Elf:1    | Noticed a cacodemon
 16614 | Elf:1    | Reached skill level 5 in Stealth
 16881 | Elf:1    | Got the Collected Works on Shape Shifting and Darkness
 16952 | Elf:1    | Paralysed by an air elemental for 1 turns
 16960 | Elf:1    | Paralysed by an air elemental for 1 turns
 17040 | Elf:1    | Reached skill level 10 in Poison Magic
 17250 | Elf:2    | Noticed Donald
 17261 | Elf:1    | Annihilated by Donald

Illustrated notes

Levels and vault maps discovered:
D:1:      minmay_arrival_glassed_features, layout_basic,
          shapermc_ecumenical_altar_venn
D:2:      minmay_angry_zag, layout_basic
D:3:      layout_rooms, bh_walls_and_bars
D:4:      layout_basic, grunt_temple_overflow_order_and_chaos_2,
          grunt_gozag_statues, gammafunk_ghost_arena, uniq_grinder
D:5:      corexii_shantytown, layout_loops_corners, nicolae_vehumet_radiance,
          uniq_pikel, uniq_ijyb
D:6:      layout_loops_ring, mainiacjoe_overflow_paths, fedhas_ov_isle_minmay,
          minmay_temple_entry_wispy
D:7:      layout_layer_cave, serial_bayou, serial_bayou_crossing,
          serial_bayou_pond_d, serial_bayou_pond_e, serial_bayou_shore_b
D:8:      layout_basic, okawaru_ov_weapons_minmay, uniq_harold, uniq_grum,
          uniq_maurice
D:9:      kennysheep_big_flooded_room, layout_irregular_city,
          mainiacjoe_overflow_alcove_2, erik_lair_island, serial_shops,
          nicolae_shop_waterfront, gammafunk_ghost_hydra_chop
D:10:     minmay_blocky_corners, layout_long_grid,
          mainiacjoe_overflow_concentric_impassable, grunt_temple_overflow_open
D:11:     layout_rooms, minmay_orc_entry_guard_dogs, serial_ice, serial_ice_b,
          serial_ice_g, serial_ice_l, serial_ice_h, portal_ice_cave_entry_imps,
          minmay_misc_feat_roman, nrook_mini_vaults
Temple:   jpeg_temple_alley_garden
Orc:1:    layout_caves, uniq_fannar
Orc:2:    st_orc_pillars, layout_diamond_mine
Elf:1:    elf_arrival_002, layout_geoelf_grid, hangedman_elf_represent,
          minmay_shoptagon, uniq_jorgrun
Elf:2:    elven_hall_of_blades_hangedman_original [mumra_blade_entry_bloodbath],
          layout_onion_city, serial_shops, nicolae_lakefront_shop, uniq_donald

Skill      XL: |  1  2  3  4  5  6  7  8  9 10 11 12 13 14 |
---------------+-------------------------------------------+-----
Long Blades    | 2 3 4 5 7 8 9 10 | 10.9
Armour         | 2 3 4 5 6 7 |  7.8
Transmutations | 1 2 3 4 5 6 |  6.3
Poison Magic   | 1 2 3 4 5 6 7 9 10 | 10.0
Spellcasting   | 2 3 4 5 6 7 8 9 |  9.8
Dodging        | 1 2 3 4 |  4.5
Fighting       | 4 5 6 7 8 |  8.0
Shields        | 1 2 3 4 5 6 7 |  7.3
Ice Magic      | 1 |  1.1
Stealth        | 1 3 4 5 |  5.2
Air Magic      | 1 |  1.0
Throwing       | 2 3 4 |  4.6
Evocations     | 1 |  1.3
Invocations    | |  2.5

Action                   |  1- 3 |  4- 6 |  7- 9 | 10-12 | 13-15 || total
-------------------------+-------+-------+-------+-------+-------++-------
Melee: Falchion          |    80 |    43 |   335 |   246 |       ||   704
       Headbutt          |       |       |    13 |   190 |    53 ||   256
       Scimitar          |       |       |       |   323 |   209 ||   532
Throw: Boomerang         |       |       |     3 |    70 |    31 ||   104
 Cast: Sting             |    56 |    44 |   180 |    58 |    10 ||   348
       Poisonous Vapours |       |       |     6 |     3 |       ||     9
       Olgreb's Toxic Ra |       |       |     4 |    31 |    47 ||    82
       Freeze            |       |       |     5 |     1 |       ||     6
Invok: Depart the Abyss  |     1 |       |       |       |       ||     1
Evoke: Wand              |       |     3 |     2 |     9 |       ||    14
       Phial of floods   |       |       |       |       |     1 ||     1
  Use: Potion            |       |       |     5 |     3 |     2 ||    10
       Scroll            |       |       |     6 |    19 |     4 ||    29
 Stab: Paralysed         |       |       |       |    15 |    17 ||    32
Armor: Leather armour    |    34 |    17 |    66 |       |       ||   117
       Chain mail        |       |       |   182 |   562 |   127 ||   871
Dodge: Dodged            |    76 |    37 |   198 |   293 |    67 ||   671
Block: Other             |    18 |    12 |       |       |       ||    30
       Buckler           |       |     3 |   205 |   362 |    78 ||   648
       Rpst.: Falchion   |    23 |     9 |    50 |    33 |       ||   115
       Scimitar          |       |       |       |    28 |    13 ||    41
